 Dungeon Crawl Stone Soup version bcrawl-1.19.1 (webtiles) character file.

Game seed: 7855277327172256998

97 Revguard the Charmwright (level 4, -2/33 HPs)
             Began as a Demonspawn Skald on Nov 29, 2019.
             Slain by a gnoll
             ... wielding a +0 spear
              (6 damage)
             ... on level 2 of the Dungeon.
             The game lasted 00:03:17 (1102 turns).

Revguard the Charmwright (Demonspawn Skald)         Turns: 1102, Time: 00:03:18

Health: -2/33      AC:  4    Str: 12    XL:     4   Next: 42%
Magic:  3/7        EV: 12    Int: 15    God:
Gold:   110        SH:  0    Dex: 12    Spells: 1/7 levels left

rFire    . . .     SeeInvis .   a - +0 hand axe
rCold    . . .     Gourm    .   (no shield)
rNeg     . . .     Faith    .   b - +0 leather armour
rPois    .         Spirit   .   (no helmet)
rElec    .         Reflect  .   (no cloak)
rCorr    .         Harm     .   (no gloves)
MR       .....                  k - +0 pair of boots
Stlth    +.........             (no amulet)
HPRegen  1.11/turn              (no ring)
MPRegen  0.10/turn              (no ring)

@: singing, regenerating (expiring), lightly drained
A: hooves 1, demonic guardian 1
a: no special abilities


You were on level 2 of the Dungeon.
You were hungry.

You visited 1 branch of the dungeon, and saw 2 of its levels.

You collected 110 gold pieces.

Inventory:

Hand Weapons
 a - a +0 hand axe (weapon)
Armour
 b - a +0 leather armour (worn)
 k - a +0 pair of boots (worn)
Scrolls
 d - 2 scrolls of fear
 e - a scroll of enchant armour {unknown}
 h - a scroll of identify {unknown}
 m - a scroll of immolation {unknown}
 n - 2 scrolls of teleportation {unknown}
 o - a scroll of amnesia {unknown}
Potions
 c - a potion of berserk rage {unknown}
 i - 2 potions of invisibility {unknown}
 j - a potion of degeneration {unknown}
 l - a potion of heal wounds {unknown}
Comestibles
 f - 3 rations {!d}


   Skills:
 + Level 2.2(2.0) Fighting
 + Level 2.6(2.3) Axes
 + Level 1.2(1.0) Armour
 + Level 2.1(1.8) Dodging
 + Level 2.2(2.0) Spellcasting
 + Level 3.4(3.2) Charms
 * Level 1.1(0.9) Necromancy


You had one spell level left.
You knew the following spells:

 Your Spells              Type           Power        Failure   Level  Hunger
a - Infusion              Chrm           ##......     8%          1    #......
b - Song of Slaying       Chrm           ##......     12%         2    ###....
c - Regeneration          Chrm/Necr      #.........   34%         3    ###....

Your spell library contained the following spells:

 Spells                   Type           Power        Failure   Level  Hunger
 Ozocubu's Armour         Chrm/Ice       #.......     41%         3    ###....
 Spectral Weapon          Hex/Chrm       #.......     41%         3    ###....


Dungeon Overview and Level Annotations

Branches:
Dungeon (2/12)

Altars:


Innate Abilities, Weirdness & Mutations

You have large cloven feet.
A weak demonic guardian rushes to your aid.


Message History

Your quasit bites the gnoll but does no damage.
Your quasit claws the gnoll but does no damage.
Your quasit closely misses the gnoll.
The gnoll barely misses your quasit. The gnoll barely misses you. x2
You hit the gnoll.
The gnoll is heavily wounded.
You hit the gnoll.
Your skin is crawling a little less now.
Your quasit bites the gnoll.
Your quasit claws the gnoll.
The gnoll dies!
The gnoll barely misses you. The gnoll closely misses you.
Your quasit bites the gnoll but does no damage.
Your quasit claws the gnoll but does no damage.
Your quasit claws the gnoll.
You barely miss the gnoll.
The gnoll is heavily wounded.
The gnoll hits you from afar with a +0 spear!
* * * LOW HITPOINT WARNING * * *
The gnoll hits you with a +0 spear.
You die...

.........#.######..
.........#.##......
#####.#.##.#..#####
#............####
...###.....###.<.##
####.....#.....##
###...............#
...###5.†######....)...#
.....gg@..#####........#
#..######.........).....
########.)...##
#....)... ###........
............
#####....... ##......
######...


You could see 2 gnolls and a friendly quasit.

Vanquished Creatures
  Jessica (D:2)
  A gnoll (D:2)
  3 dart slugs
  2 leopard geckos
  2 giant cockroaches (D:2)
  9 goblins
  3 hobgoblins
  3 jackals (D:1)
  7 bats
  3 frilled lizards (D:2)
  A jackal skeleton (D:2)
  7 kobolds
  5 rats
47 creatures vanquished.

Vanquished Creatures (collateral kills)
  A gnoll (D:2)
1 creature vanquished.

Grand Total: 48 creatures vanquished

Notes
Turn   | Place    | Note
-------+----------+-------------------------------------------
     0 | D:1      | Revguard the Demonspawn Skald began the quest for the Orb.
     0 | D:1      | Reached XP level 1. HP: 16/16 MP: 3/3
    63 | D:1      | Reached skill level 3 in Charms
    84 | D:1      | Gained mutation: You have large cloven feet. [demonic
                  | ancestry]
    84 | D:1      | Reached XP level 2. HP: 21/22 MP: 5/5
   110 | D:1      | Learned a level 2 spell: Song of Slaying
   191 | D:1      | Reached skill level 1 in Armour
   455 | D:1      | Reached XP level 3. HP: 27/27 MP: 3/6
   686 | D:2      | Learned a level 3 spell: Regeneration
   767 | D:2      | Noticed Jessica
   774 | D:2      | Killed Jessica
   774 | D:2      | Reached skill level 1 in Necromancy
   774 | D:2      | Gained mutation: A weak demonic guardian rushes to your
                  | aid. [demonic ancestry]
   774 | D:2      | Reached XP level 4. HP: 23/33 MP: 4/7
  1102 | D:2      | Slain by a gnoll

Skill      XL: |  1  2  3 |
---------------+----------+-----
Charms         | 3 |  3.4
Axes           | 2 |  2.6
Armour         | 1 |  1.2
Dodging        | 2 |  2.1
Necromancy     | 1 |  1.1
Fighting       | |  2.2
Spellcasting   | |  2.2

Action                   |  1- 3 |  4- 6 || total
-------------------------+-------+-------++-------
Melee: Hand axe          |    99 |    25 ||   124
       Kick              |     6 |       ||     6
 Cast: Song of Slaying   |     3 |     1 ||     4
       Infusion          |     1 |       ||     1
       Regeneration      |       |     2 ||     2
  Eat: Chunk             |       |     1 ||     1
Armor: Leather armour    |    44 |     3 ||    47
Dodge: Dodged            |    81 |    15 ||    96
